 Dungeon Crawl Stone Soup version 0.32-a0-960-g3814254bd7 (webtiles) character file.

Game seed: 3845450508875952474

211 trashops the Chopper (level 5, -4/47 HPs)
             Began as a Mountain Dwarf Fighter on Apr 17, 2024.
             Slain by an orc wizard
             ... wielding a +2 dagger of electrocution
              (14 damage)
             ... on level 4 of the Dungeon.
             The game lasted 00:02:58 (1779 turns).

trashops the Chopper (Mountain Dwarf Fighter)       Turns: 1779, Time: 00:02:59

Health: -4/47      AC:  8    Str: 19    XL:     5   Next: 57%
Magic:  5/5        EV:  8    Int:  8    God:
Gold:   77         SH:  0    Dex:  9    Spells: 4/4 levels left

rFire   . . .        a - +0 war axe
rCold   . . .        c - +0 buckler
rNeg    . . .        b - +1 scale mail
rPois   .            (no helmet)
rElec   .            (no cloak)
rCorr   .            (no gloves)
SInv    .            (no boots)
Will    .....        (no amulet) Stlth
                     (no ring)
HPRegen 0.27/turn    (no ring)
MPRegen 0.09/turn

%: no passive effects
@: confused
A: runic magic, artefact enchanting, high MP 1, weak 1
a: no special abilities


You were on level 4 of the Dungeon.
You visited 1 branch of the dungeon, and saw 4 of its levels.

You collected 209 gold pieces.
You spent 132 gold pieces at shops.

Inventory:

Hand Weapons
 a - a +0 war axe (weapon)
Armour
 b - a +1 scale mail (worn)
 c - a +0 buckler (worn)
Scrolls
 f - 2 scrolls of identify
 g - 2 scrolls of torment
 h - 3 scrolls of teleportation
 k - a scroll of enchant armour
Potions
 d - 4 potions of might
 i - 2 potions of invisibility
 j - a potion of curing


   Skills:
 * Level 4.3 Fighting
 * Level 5.0 Axes
 * Level 4.4 Armour
 + Level 3.7 Shields


You had 4 spell levels left.
You didn't know any spells.
Your spell library was empty.

Dungeon Overview and Level Annotations

Branches:
Dungeon (4/15)
 Temple: D:4-7

Altars:

Shops:
D:3 !

Annotations:
D:4 1 runed translucent door, jasper's ghost, amateur MfFi


Innate Abilities, Weirdness & Mutations

Your spellcasting is much less encumbered by armour.
You can use scrolls of enchantment on lesser artefacts.
You have an increased reservoir of magic. (+10% MP)
You are weak. (Str -2)


Message History

The orc priest is lightly wounded.
The orc priest hits you but does no damage.
The orc priest hits you with a +0 short sword.
You completely miss the orc priest.
The orc priest is lightly wounded.
The orc priest closely misses you.
You hit the orc priest.
The orc priest is moderately wounded.
You block the orc priest's attack.
You barely miss the orc priest.
The orc priest is moderately wounded.
The orc priest hits you with a +0 short sword.
You slash the orc priest!
The orc priest is almost dead.
The orc priest calls down the wrath of Beogh upon you.
You struggle to resist.
The orc priest hits you with a +0 short sword.
You hit the orc priest.
You kill the orc priest!
Your Axes skill increases to level 5!
You closely miss the orc. You closely miss something.
You closely miss something. Something hits you.
You are electrocuted!
Something hits you but does no damage.
You miss something.
You hear some strange, mumbled words.
You are confused.
You bump into the rock wall.
Something hits you.
You bump into the rock wall.
Something hits you.
You miss something.
You hear some strange, mumbled words.
A puff of flame appears from out of thin air!
The puff of flame hits you.
* * * LOW HITPOINT WARNING * * *
You miss something.
The quokka twitches its whiskers.
Something hits you.
* * * LOW HITPOINT WARNING * * *
You are electrocuted!
You die...

#..................'......
#..................###....
#..................# #....
#......(...........#######
#...................#SW~~~
#..........#######..+S~~~?
###....##'## ##.#~~~~~
#....##.# ########
#....##@# #....##{#
#......or #.........
....... .........
..........# #..........#


You could see an orc and a quokka.

Vanquished Creatures
  A kobold brigand (D:3)
  An orc priest (D:4)
  Jessica (D:2)
  3 adders (D:2)
  2 ribbon worms
  3 dart slugs
  An orc (D:3)
  3 endoplasms
  2 giant cockroaches (D:3)
  9 hobgoblins
  4 jackals (D:2)
  2 quokkas (D:2)
  4 ball pythons
  6 goblins
  3 kobolds
  3 rats
48 creatures vanquished.

Notes
Turn   | Place    | Note
-------+----------+-------------------------------------------
     0 | D:1      | trashops the Mountain Dwarf Fighter began the quest for the
                  | Orb.
     0 | D:1      | Reached XP level 1. HP: 19/19 MP: 1/1
   391 | D:1      | Gained mutation: You are weak. (Str -2) [potion of
                  | mutation]
   391 | D:1      | Gained mutation: You have an increased reservoir of magic.
                  | (+10% MP) [potion of mutation]
   404 | D:2      | Reached XP level 2. HP: 22/26 MP: 2/2
   475 | D:2      | Reached skill level 3 in Axes
   475 | D:2      | Reached XP level 3. HP: 33/33 MP: 3/3
   491 | D:2      | Noticed Jessica
   503 | D:2      | Killed Jessica
   580 | D:2      | Reached XP level 4. HP: 40/40 MP: 4/4
   986 | D:3      | Found a transporter.
   988 | D:3      | Found Himy's Distillery.
   990 | D:3      | Found a transporter.
   996 | D:3      | Bought a potion of invisibility for 96 gold pieces
   996 | D:3      | Bought a potion of curing for 36 gold pieces
  1104 | D:3      | Found a faded altar of an unknown god.
  1175 | D:3      | Noticed a kobold brigand
  1184 | D:3      | Killed a kobold brigand
  1185 | D:3      | Reached skill level 4 in Axes
  1185 | D:3      | Reached XP level 5. HP: 38/46 MP: 5/5
  1703 | D:4      | Found a runed translucent door.
  1713 | D:4      | Noticed jasper's ghost (amateur MfFi)
  1772 | D:4      | Reached skill level 5 in Axes
  1779 | D:4      | Slain by an orc wizard

Illustrated notes

Levels and vault maps discovered:
D:1:      beargit_arrival_greenhouse, layout_rooms,
          minmay_misc_feat_more_columns
D:2:      layout_rooms, minmay_pentomino_u4, uniq_jessica
D:3:      layout_loops_cross, dreamdust_ecumenical_altar_grove, serial_shops,
          nicolae_shop_drivethru
D:4:      layout_basic, ebering_ghost_sewer_f

Skill      XL: |  1  2  3  4  5 |
---------------+----------------+-----
Axes           | 3 4 5 |  5.0
Armour         | 4 |  4.4
Fighting       | 4 |  4.3
Shields        | |  3.7

Action                     |  1- 3 |  4- 6 || total
---------------------------+-------+-------++-------
  Melee: War axe           |    48 |   105 ||   153
    Use: Potion            |     5 |       ||     5
         Scroll            |     3 |     2 ||     5
 Armour: Scale mail        |    40 |    67 ||   107
  Dodge: Dodged            |    23 |    24 ||    47
  Block: Buckler           |     7 |    23 ||    30

Table legend: (Time is in decaauts)
 A = Elapsed time spent in this place.
 B = Non-inter-level travel time spent in this place.
 C = Inter-level travel time spent in this place.
 D = Time resting spent in this place.
 E = Time spent auto-exploring this place.
 F = Levels seen in this place.
 G = Mean time per level.
                   A        B        C        D        E       F      G
               +--------+--------+--------+--------+--------+-----+--------+
         Total |   1816 |   1753 |     63 |      0 |   1353 |   4 |  454.0 |
       Dungeon |   1816 |   1753 |     63 |      0 |   1353 |   4 |  454.0 |
               +--------+--------+--------+--------+--------+-----+--------+

Top non-repeatable levels by time:
     D:3: 759 daAuts
     D:2: 564 daAuts
     D:1: 400 daAuts
     D:4: 92 daAuts
